[ AOE2 MATCH · #473172308 ]
Team RMKhmer vs Portuguese
[ REPLAY ANALYSIS · EXTRACTED FROM THE RECORDED GAME ]
Feudal
—
Castle
—
Imperial
—
| APM avg | 17.8 |
| APM peak | 83 |
| eAPM avg | 16.7 |
| Villagers / military | 133 / 133 |
Focus
⚔️ 30.7% · 🌾 69.3%
Battle Elephant ×44 · Trade Cart ×42 · Scorpion ×36 · Ballista Elephant ×32 · Trebuchet (Packed) ×10 · Fishing Ship ×8
Feudal
14:27
Castle
20:51
Imperial
39:11
| APM avg | 15.9 |
| APM peak | 56 |
| eAPM avg | 14.0 |
| Villagers / military | 107 / 154 |
Focus
⚔️ 40.4% · 🌾 59.6%
Organ Gun ×115 · Knight ×28 · Trade Cart ×15 · Trebuchet (Packed) ×6 · Fishing Ship ×5 · Bombard Cannon ×3
Feudal
—
Castle
—
Imperial
—
| APM avg | 30.5 |
| APM peak | 116 |
| eAPM avg | 29.9 |
| Villagers / military | 81 / 79 |
Focus
⚔️ 4.9% · 🌾 95.1%
Chu Ko Nu ×63 · Scout Cavalry ×14 · Unknown (1948) ×3 · Monk ×2 · Fishing Ship ×1
Feudal
13:44
Castle
24:36
Imperial
30:41
| APM avg | 19.8 |
| APM peak | 59 |
| eAPM avg | 11.8 |
| Villagers / military | 106 / 146 |
Focus
⚔️ 20.4% · 🌾 79.6%
Archer ×84 · Skirmisher ×55 · Trade Cart ×14 · Fishing Ship ×13 · Trebuchet (Packed) ×6 · Monk ×1
Feudal
12:05
Castle
19:37
Imperial
30:45
| APM avg | 11.2 |
| APM peak | 31 |
| eAPM avg | 8.0 |
| Villagers / military | 118 / 73 |
Focus
⚔️ 17.4% · 🌾 82.6%
Scorpion ×50 · Trade Cart ×21 · Woad Raider ×20 · Trebuchet (Packed) ×2 · Monk ×1
Feudal
11:55
Castle
20:01
Imperial
38:31
| APM avg | 15.4 |
| APM peak | 52 |
| eAPM avg | 13.7 |
| Villagers / military | 170 / 265 |
Focus
⚔️ 34.4% · 🌾 65.6%
Knight ×133 · Scout Cavalry ×124 · Scorpion ×8
Feudal
11:03
Castle
22:21
Imperial
33:32
| APM avg | 12.3 |
| APM peak | 31 |
| eAPM avg | 10.4 |
| Villagers / military | 103 / 77 |
Focus
⚔️ 26.5% · 🌾 73.5%
Knight ×30 · Hussite Wagon ×26 · Trade Cart ×13 · Bombard Cannon ×11 · Spearman ×9 · Monk ×1
Feudal
12:37
Castle
18:18
Imperial
33:45
| APM avg | 11.2 |
| APM peak | 22 |
| eAPM avg | 8.9 |
| Villagers / military | 88 / 187 |
Focus
⚔️ 25.3% · 🌾 74.7%
Shrivamsha Rider ×157 · Trade Cart ×37 · Chakram Thrower ×25 · Bombard Cannon ×4 · Monk ×1
Match map
Resources at game start + every placement click. Thick line = wall · dashed box = detected house wall. 🟡 gold · ⚪ stone · 🟢 berries · 🔶 boar · ⭕ relic
Inputs per minute
— ColonelPacha - - dpiddock77
Build order — ColonelPacha
First 150 of 502 actions detected
| 0:12 | Research | Loom |
| 0:12 | Create | Villager (Male) |
| 0:13 | Create | Villager (Male) |
| 0:13 | Create | Villager (Male) |
| 0:13 | Create | Villager (Male) |
| 0:13 | Create | Villager (Male) |
| 0:38 | Build | House |
| 1:17 | Build | Palisade Wall |
| 1:31 | Build | Building 796 |
| 2:10 | Build | House |
| 2:32 | Create | Villager (Male) |
| 2:32 | Create | Villager (Male) |
| 3:05 | Create | Villager (Male) |
| 3:05 | Create | Villager (Male) |
| 3:34 | Create | Villager (Male) |
| 3:34 | Create | Villager (Male) |
| 3:53 | Create | Villager (Male) |
| 4:21 | Build | House |
| 4:25 | Create | Villager (Male) |
| 4:59 | Build | House |
| 5:02 | Create | Villager (Male) |
| 5:02 | Create | Villager (Male) |
| 5:14 | Create | Villager (Male) |
| 5:54 | Create | Villager (Male) |
| 6:02 | Build | Lumber Camp |
| 6:31 | Create | Villager (Male) |
| 6:31 | Create | Villager (Male) |
| 7:13 | Create | Villager (Male) |
| 7:30 | Create | Villager (Male) |
| 7:40 | Build | Mill |
| 8:06 | Create | Villager (Male) |
| 8:30 | Build | House |
| 8:51 | Create | Villager (Male) |
| 8:59 | Create | Villager (Male) |
| 9:13 | Build | Mining Camp |
| 9:33 | Create | Villager (Male) |
| 10:06 | Create | Villager (Male) |
| 10:24 | Build | Lumber Camp |
| 10:31 | Create | Villager (Male) |
| 10:48 | Build | House |
| 10:52 | Create | Villager (Male) |
| 11:16 | Research | Feudal Age |
| 13:20 | Create | Villager (Male) |
| 13:21 | Create | Villager (Male) |
| 13:29 | Build | Mining Camp |
| 13:36 | Research | Double-Bit Axe |
| 13:38 | Research | Horse Collar |
| 13:40 | Research | Gold Mining |
| 13:41 | Research | Stone Mining |
| 14:04 | Build | Dock |
| 14:09 | Build | House |
| 14:17 | Build | Stone Wall |
| 14:22 | Build | Building 490 |
| 14:26 | Build | Farm |
| 14:41 | Build | Farm |
| 14:43 | Create | Villager (Male) |
| 14:44 | Create | Villager (Male) |
| 15:08 | Research | Tech 906 |
| 15:09 | Create | Fishing Ship |
| 15:09 | Create | Fishing Ship |
| 15:09 | Create | Fishing Ship |
| 15:09 | Create | Fishing Ship |
| 15:16 | Build | House |
| 15:24 | Build | Farm |
| 15:27 | Create | Villager (Male) |
| 15:42 | Build | Farm |
| 15:55 | Build | House |
| 15:59 | Create | Fishing Ship |
| 16:07 | Build | Farm |
| 16:32 | Build | Stone Wall |
| 16:40 | Research | Town Watch |
| 16:59 | Create | Villager (Male) |
| 17:22 | Build | Barracks |
| 17:39 | Build | Market |
| 17:44 | Build | Farm |
| 17:48 | Create | Villager (Male) |
| 17:48 | Create | Villager (Male) |
| 17:53 | Create | Fishing Ship |
| 17:53 | Create | Fishing Ship |
| 17:54 | Create | Fishing Ship |
| 18:22 | Build | Farm |
| 18:25 | Create | Villager (Male) |
| 18:46 | Build | Lumber Camp |
| 18:51 | Build | Farm |
| 18:57 | Create | Villager (Male) |
| 19:21 | Create | Villager (Male) |
| 19:26 | Build | Blacksmith |
| 19:29 | Create | Villager (Male) |
| 19:48 | Build | Farm |
| 20:01 | Build | House |
| 20:06 | Build | Farm |
| 20:15 | Build | Market |
| 20:19 | Create | Villager (Male) |
| 20:33 | Build | House |
| 20:37 | Build | Farm |
| 20:41 | Create | Villager (Male) |
| 20:42 | Create | Villager (Male) |
| 20:55 | Build | Farm |
| 20:59 | Create | Villager (Male) |
| 21:04 | Build | Fish Trap |
| 21:08 | Build | House |
| 21:14 | Build | Fish Trap |
| 21:23 | Build | Farm |
| 21:33 | Build | Mining Camp |
| 21:44 | Build | Archery Range |
| 21:49 | Build | Farm |
| 21:53 | Create | Villager (Male) |
| 21:53 | Create | Villager (Male) |
| 22:06 | Create | Trade Cart |
| 22:06 | Create | Trade Cart |
| 22:07 | Create | Trade Cart |
| 22:07 | Create | Trade Cart |
| 22:34 | Build | Farm |
| 22:40 | Research | Castle Age |
| 22:53 | Build | Stable |
| 23:01 | Build | Farm |
| 23:06 | Create | Trade Cart |
| 23:07 | Create | Trade Cart |
| 23:09 | Create | Trade Cart |
| 23:12 | Create | Villager (Male) |
| 23:12 | Create | Villager (Male) |
| 23:29 | Build | Fish Trap |
| 23:38 | Build | Fish Trap |
| 23:48 | Build | Fish Trap |
| 23:59 | Build | Fish Trap |
| 24:11 | Create | Trade Cart |
| 24:11 | Create | Trade Cart |
| 24:51 | Create | Trade Cart |
| 24:51 | Create | Trade Cart |
| 24:56 | Create | Trade Cart |
| 24:56 | Create | Trade Cart |
| 25:10 | Build | House |
| 25:14 | Build | House |
| 25:30 | Build | Lumber Camp |
| 25:33 | Research | Bow Saw |
| 25:37 | Research | Gold Shaft Mining |
| 25:39 | Research | Fletching |
| 25:40 | Research | Scale Barding Armor |
| 25:42 | Create | Villager (Male) |
| 25:42 | Create | Villager (Male) |
| 25:43 | Create | Villager (Male) |
| 25:53 | Research | Caravan |
| 26:07 | Build | Farm |
| 26:27 | Build | Town Center |
| 26:42 | Create | Villager (Male) |
| 26:42 | Create | Villager (Male) |
| 26:43 | Create | Villager (Male) |
| 26:43 | Create | Villager (Male) |
| 26:59 | Build | Town Center |
| 27:03 | Create | Villager (Male) |
Build order — dpiddock77
First 150 of 402 actions detected
| 0:03 | Research | Loom |
| 0:04 | Create | Villager (Male) |
| 0:04 | Create | Villager (Male) |
| 0:04 | Create | Villager (Male) |
| 0:04 | Create | Villager (Male) |
| 0:05 | Create | Villager (Male) |
| 0:05 | Create | Villager (Male) |
| 0:11 | Build | House |
| 0:33 | Build | Palisade Wall |
| 0:51 | Build | Palisade Wall |
| 1:50 | Build | Palisade Wall |
| 3:14 | Build | Building 796 |
| 3:24 | Build | Palisade Wall |
| 3:32 | Create | Villager (Male) |
| 3:32 | Create | Villager (Male) |
| 3:32 | Create | Villager (Male) |
| 3:32 | Create | Villager (Male) |
| 4:05 | Build | House |
| 4:40 | Create | Villager (Male) |
| 4:40 | Create | Villager (Male) |
| 4:40 | Create | Villager (Male) |
| 4:40 | Create | Villager (Male) |
| 5:16 | Create | Villager (Male) |
| 5:16 | Create | Villager (Male) |
| 5:16 | Create | Villager (Male) |
| 5:45 | Create | Villager (Male) |
| 5:46 | Create | Villager (Male) |
| 5:46 | Create | Villager (Male) |
| 6:24 | Build | House |
| 6:52 | Create | Villager (Male) |
| 6:52 | Create | Villager (Male) |
| 6:53 | Create | Villager (Male) |
| 6:53 | Create | Villager (Male) |
| 6:53 | Create | Villager (Male) |
| 6:53 | Create | Villager (Male) |
| 7:04 | Build | Mill |
| 7:55 | Create | Villager (Male) |
| 7:56 | Create | Villager (Male) |
| 7:56 | Create | Villager (Male) |
| 7:56 | Create | Villager (Male) |
| 7:57 | Create | Villager (Male) |
| 8:40 | Build | Lumber Camp |
| 8:48 | Create | Villager (Male) |
| 8:48 | Create | Villager (Male) |
| 9:20 | Build | House |
| 9:42 | Create | Villager (Male) |
| 9:42 | Create | Villager (Male) |
| 9:43 | Create | Villager (Male) |
| 9:43 | Create | Villager (Male) |
| 9:43 | Create | Villager (Male) |
| 9:43 | Create | Villager (Male) |
| 9:56 | Build | House |
| 10:38 | Build | Mill |
| 12:03 | Build | Dock |
| 12:16 | Research | Feudal Age |
| 12:56 | Build | House |
| 12:57 | Build | House |
| 12:58 | Build | House |
| 13:08 | Create | Fishing Ship |
| 13:34 | Create | Fishing Ship |
| 14:23 | Create | Fishing Ship |
| 14:27 | Age | Feudal Age |
| 14:38 | Build | Stone Wall |
| 14:53 | Build | Stone Wall |
| 15:00 | Build | Building 490 |
| 15:05 | Create | Villager (Male) |
| 15:05 | Create | Villager (Male) |
| 15:28 | Build | Market |
| 15:44 | Build | Blacksmith |
| 16:18 | Build | Stone Wall |
| 16:28 | Build | Mining Camp |
| 17:04 | Build | Stone Wall |
| 17:21 | Create | Villager (Male) |
| 17:21 | Create | Villager (Male) |
| 17:27 | Build | Mining Camp |
| 17:50 | Build | Mining Camp |
| 18:08 | Research | Castle Age |
| 18:23 | Research | Double-Bit Axe |
| 19:03 | Build | Farm |
| 19:04 | Build | Farm |
| 19:06 | Build | Farm |
| 19:45 | Build | Building 490 |
| 20:29 | Research | Tech 906 |
| 20:30 | Create | Fishing Ship |
| 20:30 | Create | Fishing Ship |
| 20:45 | Create | Trade Cart |
| 20:51 | Age | Castle Age |
| 21:07 | Create | Villager (Male) |
| 21:08 | Create | Villager (Male) |
| 21:08 | Create | Villager (Male) |
| 21:30 | Build | Monastery |
| 22:05 | Build | Fish Trap |
| 22:10 | Build | Fish Trap |
| 22:17 | Build | Fish Trap |
| 22:26 | Build | Town Center |
| 22:39 | Research | Stone Mining |
| 23:02 | Create | Villager (Male) |
| 23:12 | Create | Monk |
| 23:33 | Build | House |
| 23:35 | Build | House |
| 23:43 | Build | Farm |
| 23:52 | Create | Villager (Male) |
| 23:52 | Create | Villager (Male) |
| 23:52 | Create | Villager (Male) |
| 24:05 | Create | Monk |
| 24:33 | Create | Villager (Male) |
| 24:33 | Create | Villager (Male) |
| 24:33 | Create | Villager (Male) |
| 24:53 | Build | Farm |
| 24:56 | Build | Farm |
| 24:57 | Build | Farm |
| 24:59 | Build | Farm |
| 25:02 | Build | Farm |
| 25:18 | Build | House |
| 25:20 | Build | House |
| 25:56 | Build | Castle |
| 26:14 | Build | Farm |
| 26:21 | Build | House |
| 26:38 | Build | Fish Trap |
| 26:48 | Build | Fish Trap |
| 27:19 | Build | House |
| 27:51 | Create | Villager (Male) |
| 27:51 | Create | Villager (Male) |
| 27:51 | Create | Villager (Male) |
| 27:52 | Create | Villager (Male) |
| 27:52 | Create | Villager (Male) |
| 27:52 | Create | Villager (Male) |
| 27:52 | Create | Villager (Male) |
| 27:53 | Create | Villager (Male) |
| 27:53 | Create | Villager (Male) |
| 27:53 | Create | Villager (Male) |
| 27:53 | Create | Villager (Male) |
| 27:54 | Create | Villager (Male) |
| 27:54 | Create | Villager (Male) |
| 27:54 | Create | Villager (Male) |
| 27:54 | Create | Villager (Male) |
| 28:13 | Build | House |
| 28:15 | Build | House |
| 28:16 | Build | House |
| 28:18 | Build | House |
| 28:20 | Build | House |
| 28:35 | Create | Organ Gun |
| 28:35 | Create | Organ Gun |
| 28:35 | Create | Organ Gun |
| 28:57 | Build | Mining Camp |
| 29:05 | Research | Caravan |
| 29:12 | Create | Villager (Male) |
| 29:13 | Create | Villager (Male) |
| 29:13 | Create | Villager (Male) |
| 29:13 | Create | Villager (Male) |
Build order — vigilantevo0do0
First 150 of 325 actions detected
| 1:14 | Create | Villager (Male) |
| 1:44 | Create | Villager (Male) |
| 2:53 | Research | Loom |
| 2:53 | Research | Loom |
| 2:55 | Create | Villager (Male) |
| 2:56 | Create | Villager (Male) |
| 2:56 | Create | Villager (Male) |
| 2:56 | Create | Villager (Male) |
| 3:23 | Create | Villager (Male) |
| 4:12 | Build | Palisade Wall |
| 4:24 | Create | Villager (Male) ×3 |
| 4:48 | Build | House |
| 4:53 | Build | House |
| 5:09 | Create | Villager (Male) |
| 5:27 | Create | Villager (Male) |
| 6:16 | Build | Building 796 |
| 6:42 | Build | Palisade Wall |
| 6:54 | Create | Villager (Male) |
| 6:54 | Create | Villager (Male) |
| 6:55 | Create | Villager (Male) |
| 7:25 | Create | Villager (Male) |
| 7:55 | Build | Palisade Wall |
| 8:09 | Build | Building 796 |
| 8:45 | Build | Lumber Camp |
| 9:13 | Create | Villager (Male) |
| 9:42 | Build | Mill |
| 11:22 | Build | Farm |
| 11:22 | Build | Farm |
| 11:22 | Build | Farm |
| 11:22 | Build | Farm |
| 11:22 | Build | Farm |
| 11:22 | Build | Farm |
| 11:22 | Build | Farm |
| 11:22 | Build | Farm |
| 11:22 | Build | Farm |
| 11:22 | Build | Farm |
| 11:22 | Build | Farm |
| 11:22 | Build | Farm |
| 11:23 | Build | Farm |
| 11:23 | Build | Farm |
| 11:23 | Build | Farm |
| 11:23 | Build | Farm |
| 11:23 | Build | Farm |
| 11:23 | Build | Farm |
| 11:23 | Build | Farm |
| 12:21 | Research | Feudal Age |
| 12:24 | Build | Farm |
| 12:24 | Build | Farm |
| 12:24 | Build | Farm |
| 12:24 | Build | Farm |
| 12:24 | Build | Farm |
| 12:24 | Build | Farm |
| 12:24 | Build | Farm |
| 12:24 | Build | Farm |
| 12:24 | Build | Farm |
| 12:24 | Build | Farm |
| 12:24 | Build | Farm |
| 12:24 | Build | Farm |
| 12:24 | Build | Farm |
| 12:42 | Build | Dock |
| 13:30 | Build | Farm |
| 13:30 | Build | Farm |
| 13:30 | Build | Farm |
| 13:30 | Build | Farm |
| 13:30 | Build | Farm |
| 13:30 | Build | Farm |
| 13:30 | Build | Farm |
| 13:30 | Build | Farm |
| 13:30 | Build | Farm |
| 13:30 | Build | Farm |
| 13:30 | Build | Farm |
| 13:31 | Build | Farm |
| 13:31 | Build | Farm |
| 13:31 | Build | Farm |
| 13:31 | Build | Farm |
| 13:31 | Build | Farm |
| 13:31 | Build | Farm |
| 13:31 | Build | Farm |
| 13:35 | Build | Farm |
| 13:35 | Build | Farm |
| 13:35 | Build | Farm |
| 13:35 | Build | Farm |
| 13:35 | Build | Farm |
| 13:35 | Build | Farm |
| 13:35 | Build | Farm |
| 13:35 | Build | Farm |
| 13:55 | Create | Fishing Ship |
| 14:40 | Build | Mining Camp |
| 14:45 | Create | Villager (Male) ×6 |
| 14:59 | Build | Stone Wall |
| 15:13 | Build | Stone Wall |
| 15:28 | Build | Building 490 |
| 15:36 | Build | Farm |
| 15:36 | Build | Farm |
| 15:40 | Build | Farm |
| 15:40 | Build | Farm |
| 15:40 | Build | Farm |
| 15:40 | Build | Farm |
| 15:41 | Build | Farm |
| 15:41 | Build | Farm |
| 15:41 | Build | Farm |
| 15:41 | Build | Farm |
| 15:41 | Build | Farm |
| 15:41 | Build | Farm |
| 15:41 | Build | Farm |
| 15:44 | Create | Villager (Male) |
| 15:57 | Build | Farm |
| 16:09 | Research | Double-Bit Axe |
| 17:00 | Build | Mining Camp |
| 17:02 | Build | House |
| 17:08 | Build | House |
| 17:19 | Research | Wheelbarrow |
| 17:50 | Build | Stone Wall |
| 18:15 | Create | Villager (Male) |
| 18:16 | Create | Villager (Male) |
| 18:16 | Create | Villager (Male) |
| 18:17 | Create | Villager (Male) |
| 18:17 | Create | Villager (Male) |
| 18:17 | Create | Villager (Male) |
| 18:19 | Create | Villager (Male) |
| 19:01 | Build | Farm |
| 19:06 | Build | Stone Wall |
| 19:26 | Build | Stone Wall |
| 19:43 | Research | Horse Collar |
| 19:48 | Create | Villager (Male) |
| 19:49 | Create | Villager (Male) |
| 19:50 | Create | Villager (Male) |
| 19:52 | Create | Villager (Male) |
| 20:03 | Build | House |
| 20:11 | Build | Barracks |
| 20:16 | Build | Farm |
| 20:22 | Build | Market |
| 20:48 | Build | Building 490 |
| 21:08 | Build | House |
| 21:11 | Build | House |
| 21:37 | Build | Farm |
| 21:50 | Build | Farm |
| 21:50 | Build | Farm |
| 21:50 | Build | Farm |
| 21:50 | Build | Farm |
| 21:50 | Build | Farm |
| 21:50 | Build | Farm |
| 21:50 | Build | Farm |
| 21:50 | Build | Farm |
| 21:50 | Build | Farm |
| 21:50 | Build | Farm |
| 21:50 | Build | Farm |
| 21:50 | Build | Farm |
| 21:50 | Build | Farm |
| 21:50 | Build | Farm |
Build order — BabyShark
First 150 of 318 actions detected
| 0:05 | Research | Loom |
| 0:06 | Create | Villager (Male) |
| 0:06 | Create | Villager (Male) |
| 0:07 | Create | Villager (Male) |
| 0:07 | Create | Villager (Male) |
| 0:40 | Build | Palisade Wall |
| 1:27 | Build | House |
| 1:36 | Build | Palisade Wall |
| 2:21 | Build | Palisade Wall |
| 3:00 | Build | Lumber Camp |
| 3:05 | Create | Villager (Male) |
| 3:05 | Create | Villager (Male) |
| 3:49 | Create | Villager (Male) |
| 3:50 | Create | Villager (Male) |
| 4:03 | Create | Villager (Male) |
| 4:12 | Build | House |
| 4:22 | Create | Villager (Male) |
| 5:02 | Create | Villager (Male) |
| 5:12 | Build | Palisade Wall |
| 5:17 | Create | Villager (Male) |
| 5:17 | Create | Villager (Male) |
| 6:09 | Create | Villager (Male) |
| 6:36 | Create | Villager (Male) |
| 6:45 | Build | House |
| 7:30 | Create | Villager (Male) |
| 7:30 | Create | Villager (Male) |
| 7:34 | Build | Mill |
| 8:29 | Create | Villager (Male) |
| 8:30 | Create | Villager (Male) |
| 8:42 | Build | House |
| 8:56 | Create | Villager (Male) |
| 9:49 | Create | Villager (Male) |
| 9:50 | Create | Villager (Male) |
| 9:56 | Build | Mining Camp |
| 10:14 | Create | Villager (Male) |
| 10:32 | Create | Villager (Male) |
| 11:13 | Create | Villager (Male) |
| 11:33 | Research | Feudal Age |
| 11:39 | Build | House |
| 11:47 | Build | Mining Camp |
| 12:25 | Build | Mill |
| 12:36 | Create | Villager (Male) |
| 13:28 | Create | Villager (Male) |
| 13:44 | Age | Feudal Age |
| 13:49 | Create | Villager (Male) |
| 13:58 | Build | Stone Wall |
| 14:10 | Build | Stone Wall |
| 14:23 | Build | House |
| 14:26 | Create | Villager (Male) |
| 14:34 | Build | Dock |
| 14:38 | Create | Villager (Male) |
| 15:03 | Create | Villager (Male) |
| 15:29 | Build | Blacksmith |
| 15:51 | Build | Lumber Camp |
| 15:56 | Create | Villager (Male) |
| 16:18 | Create | Villager (Male) |
| 16:39 | Create | Villager (Male) |
| 16:52 | Build | Lumber Camp |
| 16:58 | Create | Fishing Ship |
| 17:08 | Build | House |
| 17:17 | Create | Villager (Male) |
| 17:40 | Build | Market |
| 17:50 | Create | Villager (Male) |
| 17:53 | Create | Fishing Ship |
| 18:06 | Build | House |
| 18:16 | Create | Fishing Ship |
| 18:19 | Create | Villager (Male) |
| 18:36 | Create | Villager (Male) |
| 18:47 | Build | Farm |
| 18:48 | Build | Farm |
| 18:49 | Build | Farm |
| 18:50 | Build | Farm |
| 18:52 | Build | Farm |
| 18:58 | Create | Villager (Male) |
| 19:04 | Create | Fishing Ship |
| 19:13 | Create | Villager (Male) |
| 19:19 | Build | Farm |
| 19:20 | Build | Farm |
| 19:27 | Create | Fishing Ship |
| 19:47 | Build | House |
| 19:50 | Build | House |
| 19:55 | Create | Villager (Male) |
| 19:57 | Create | Fishing Ship |
| 20:03 | Build | Farm |
| 20:04 | Build | Farm |
| 20:38 | Create | Villager (Male) |
| 20:41 | Create | Fishing Ship |
| 20:55 | Build | Farm |
| 20:56 | Build | Farm |
| 20:57 | Build | Farm |
| 21:05 | Create | Villager (Male) |
| 21:30 | Create | Villager (Male) |
| 21:51 | Research | Castle Age |
| 22:14 | Research | Double-Bit Axe |
| 22:15 | Research | Double-Bit Axe |
| 22:19 | Create | Trade Cart |
| 23:12 | Create | Trade Cart |
| 23:14 | Create | Fishing Ship |
| 23:21 | Build | House |
| 23:26 | Build | House |
| 23:31 | Create | Villager (Male) |
| 23:53 | Build | Fish Trap |
| 23:53 | Build | Fish Trap |
| 23:54 | Build | Fish Trap |
| 23:55 | Build | Fish Trap |
| 24:05 | Create | Fishing Ship |
| 24:07 | Research | Tech 906 |
| 24:13 | Build | Fish Trap |
| 24:18 | Build | Fish Trap |
| 24:36 | Age | Castle Age |
| 24:46 | Build | Castle |
| 24:52 | Build | Fish Trap |
| 24:55 | Build | Fish Trap |
| 24:58 | Build | Fish Trap |
| 25:00 | Create | Fishing Ship |
| 25:09 | Create | Villager (Male) |
| 25:09 | Create | Villager (Male) |
| 25:16 | Create | Trade Cart |
| 25:28 | Build | Fish Trap |
| 25:33 | Create | Fishing Ship |
| 25:57 | Create | Trade Cart |
| 25:59 | Create | Villager (Male) |
| 26:11 | Create | Fishing Ship |
| 26:19 | Create | Villager (Male) |
| 26:28 | Build | Fish Trap |
| 26:39 | Create | Villager (Male) |
| 26:48 | Build | Town Center |
| 26:55 | Build | House |
| 27:01 | Build | House |
| 27:08 | Build | Fish Trap |
| 27:14 | Create | Fishing Ship |
| 27:25 | Build | Barracks |
| 27:31 | Research | Imperial Age |
| 27:53 | Research | Gillnets |
| 28:02 | Build | Fish Trap |
| 28:11 | Build | Archery Range |
| 28:23 | Research | Bow Saw |
| 28:25 | Research | Horse Collar |
| 29:06 | Research | Heavy Plow |
| 29:09 | Research | Gold Mining |
| 29:23 | Create | Villager (Male) |
| 29:23 | Create | Villager (Male) |
| 29:23 | Create | Villager (Male) |
| 29:23 | Create | Villager (Male) |
| 29:24 | Create | Villager (Male) |
| 29:36 | Build | Lumber Camp |
| 29:50 | Research | Caravan |
| 29:51 | Create | Trade Cart |
| 30:38 | Research | Wheelbarrow |
| 30:41 | Age | Imperial Age |
Build order — Asturon
First 150 of 223 actions detected
| 0:03 | Build | House |
| 0:05 | Build | House |
| 0:06 | Create | Villager (Male) ×4 |
| 1:44 | Create | Villager (Male) |
| 2:07 | Create | Villager (Male) |
| 2:31 | Build | Lumber Camp |
| 2:35 | Create | Villager (Male) |
| 3:03 | Create | Villager (Male) |
| 3:24 | Create | Villager (Male) |
| 3:34 | Build | House |
| 3:42 | Create | Villager (Male) |
| 4:29 | Create | Villager (Male) ×2 |
| 5:12 | Create | Villager (Male) |
| 5:45 | Create | Villager (Male) |
| 5:45 | Create | Villager (Male) |
| 5:50 | Build | House |
| 5:53 | Build | House |
| 6:22 | Create | Villager (Male) |
| 6:22 | Create | Villager (Male) |
| 6:53 | Build | Mill |
| 7:01 | Create | Villager (Male) |
| 7:02 | Create | Villager (Male) |
| 7:54 | Create | Villager (Male) |
| 7:54 | Create | Villager (Male) |
| 8:57 | Create | Villager (Male) |
| 8:58 | Research | Loom |
| 9:14 | Research | Feudal Age |
| 11:12 | Create | Villager (Male) |
| 11:12 | Create | Villager (Male) |
| 12:05 | Age | Feudal Age |
| 12:17 | Research | Double-Bit Axe |
| 12:33 | Research | Horse Collar |
| 12:38 | Build | Farm |
| 12:39 | Build | Farm |
| 12:41 | Build | Farm |
| 12:43 | Build | Farm |
| 12:44 | Build | Farm |
| 12:46 | Build | Farm |
| 12:48 | Build | Farm |
| 12:49 | Build | Farm |
| 12:53 | Build | Farm |
| 13:08 | Build | Mining Camp |
| 13:12 | Create | Villager (Male) ×5 |
| 13:19 | Build | House |
| 13:20 | Build | House |
| 13:29 | Build | Farm |
| 13:42 | Build | Farm |
| 13:45 | Build | Farm |
| 13:51 | Build | Farm |
| 13:54 | Build | Farm |
| 14:14 | Build | Lumber Camp |
| 14:35 | Create | Villager (Male) |
| 15:01 | Build | Blacksmith |
| 15:29 | Create | Villager (Male) |
| 15:30 | Create | Villager (Male) |
| 15:37 | Build | Market |
| 15:51 | Build | Farm |
| 16:12 | Build | Farm |
| 16:18 | Create | Villager (Male) |
| 16:35 | Build | Farm |
| 16:41 | Research | Castle Age |
| 17:34 | Research | Gold Mining |
| 17:44 | Build | House |
| 17:45 | Build | House |
| 17:47 | Build | House |
| 17:48 | Build | House |
| 18:30 | Create | Villager (Male) |
| 18:30 | Create | Villager (Male) |
| 18:39 | Research | Stone Mining |
| 19:37 | Age | Castle Age |
| 19:40 | Build | Town Center |
| 19:44 | Research | Bow Saw |
| 19:47 | Research | Heavy Plow |
| 19:52 | Build | Town Center |
| 20:03 | Create | Villager (Male) |
| 20:03 | Create | Villager (Male) |
| 20:13 | Build | House |
| 20:15 | Build | House |
| 20:17 | Build | House |
| 20:20 | Build | Farm |
| 20:26 | Create | Villager (Male) |
| 20:27 | Create | Villager (Male) |
| 20:27 | Create | Villager (Male) |
| 20:34 | Research | Caravan |
| 20:34 | Create | Trade Cart |
| 21:03 | Create | Villager (Male) ×5 |
| 21:31 | Create | Villager (Male) ×5 |
| 21:42 | Build | Monastery |
| 21:49 | Research | Wheelbarrow |
| 21:55 | Create | Villager (Male) ×5 |
| 22:20 | Create | Villager (Male) |
| 22:20 | Create | Villager (Male) |
| 22:33 | Build | Mining Camp |
| 22:38 | Create | Monk |
| 22:50 | Create | Villager (Male) ×5 |
| 23:03 | Build | House |
| 23:05 | Build | House |
| 23:06 | Build | House |
| 23:08 | Build | House |
| 23:13 | Create | Trade Cart |
| 23:14 | Create | Trade Cart |
| 23:14 | Create | Trade Cart |
| 24:01 | Build | Farm |
| 24:03 | Build | Farm |
| 24:04 | Build | Farm |
| 24:05 | Build | Farm |
| 24:17 | Build | Farm |
| 24:20 | Build | Farm |
| 24:28 | Research | Hand Cart |
| 24:32 | Create | Villager (Male) ×5 |
| 24:39 | Build | Farm |
| 24:41 | Build | Farm |
| 24:44 | Build | Farm |
| 24:45 | Build | Farm |
| 25:18 | Build | Siege Workshop |
| 25:25 | Build | Siege Workshop |
| 25:30 | Create | Villager (Male) |
| 25:30 | Create | Villager (Male) |
| 25:31 | Create | Villager (Male) |
| 25:36 | Create | Trade Cart ×5 |
| 25:43 | Research | Gold Shaft Mining |
| 25:49 | Create | Villager (Male) |
| 25:54 | Create | Villager (Male) |
| 25:54 | Create | Villager (Male) |
| 25:54 | Create | Villager (Male) |
| 25:55 | Create | Villager (Male) |
| 25:55 | Create | Villager (Male) |
| 25:55 | Create | Villager (Male) |
| 25:55 | Create | Villager (Male) |
| 25:56 | Create | Villager (Male) |
| 26:06 | Build | House |
| 26:07 | Build | House |
| 26:09 | Build | House |
| 26:09 | Build | House |
| 26:11 | Build | House |
| 26:12 | Build | House |
| 26:58 | Build | Castle |
| 27:03 | Create | Villager (Male) |
| 27:04 | Create | Villager (Male) |
| 27:04 | Create | Villager (Male) |
| 27:05 | Create | Villager (Male) |
| 27:15 | Create | Trade Cart |
| 27:16 | Create | Trade Cart |
| 27:18 | Create | Trade Cart |
| 27:19 | Create | Trade Cart |
| 27:35 | Research | Imperial Age |
| 27:43 | Research | Forging |
| 27:43 | Research | Scale Mail Armor |
| 27:48 | Create | Scorpion ×3 |
| 28:02 | Build | University |
Build order — Veni Vidi Avicii 2
First 150 of 450 actions detected
| 0:02 | Create | Villager (Male) |
| 0:03 | Create | Villager (Male) |
| 0:03 | Create | Villager (Male) |
| 0:03 | Create | Villager (Male) |
| 0:04 | Create | Villager (Male) |
| 0:07 | Build | House |
| 0:09 | Build | House |
| 1:34 | Create | Villager (Male) |
| 2:05 | Create | Villager (Male) |
| 2:15 | Build | Lumber Camp |
| 2:18 | Create | Villager (Male) |
| 3:06 | Create | Villager (Male) |
| 3:10 | Create | Villager (Male) |
| 3:20 | Build | House |
| 3:21 | Build | House |
| 3:22 | Build | House |
| 3:59 | Build | House |
| 4:03 | Create | Villager (Male) |
| 4:04 | Create | Villager (Male) |
| 4:30 | Create | Villager (Male) |
| 5:09 | Research | Loom |
| 5:30 | Create | Villager (Male) |
| 5:30 | Create | Villager (Male) |
| 6:08 | Build | Mill |
| 7:28 | Create | Villager (Male) |
| 7:31 | Create | Villager (Male) |
| 7:34 | Create | Villager (Male) |
| 7:35 | Create | Villager (Male) |
| 7:36 | Create | Villager (Male) |
| 7:36 | Create | Villager (Male) |
| 7:37 | Create | Villager (Male) |
| 7:37 | Create | Villager (Male) |
| 8:55 | Build | Mill |
| 9:45 | Research | Feudal Age |
| 11:09 | Create | Villager (Male) |
| 11:09 | Create | Villager (Male) |
| 11:10 | Create | Villager (Male) |
| 11:10 | Create | Villager (Male) |
| 11:19 | Build | House |
| 11:20 | Build | House |
| 11:22 | Build | House |
| 11:23 | Build | House |
| 11:52 | Create | Villager (Male) |
| 11:53 | Create | Villager (Male) |
| 11:54 | Create | Villager (Male) |
| 11:55 | Age | Feudal Age |
| 11:55 | Create | Villager (Male) |
| 11:58 | Create | Villager (Male) |
| 12:16 | Create | Villager (Male) |
| 12:16 | Create | Villager (Male) |
| 12:17 | Create | Villager (Male) |
| 12:25 | Build | Mining Camp |
| 12:35 | Create | Villager (Male) |
| 12:35 | Create | Villager (Male) |
| 12:36 | Create | Villager (Male) |
| 12:36 | Create | Villager (Male) |
| 12:36 | Create | Villager (Male) |
| 12:55 | Build | Mill |
| 12:59 | Create | Villager (Male) |
| 13:43 | Create | Villager (Male) |
| 13:43 | Create | Villager (Male) |
| 14:15 | Build | Market |
| 14:28 | Build | Blacksmith |
| 15:38 | Build | Farm |
| 15:39 | Build | Farm |
| 15:40 | Build | Farm |
| 15:41 | Build | Farm |
| 16:56 | Create | Villager (Male) |
| 16:58 | Research | Wheelbarrow |
| 17:01 | Research | Castle Age |
| 17:03 | Research | Wheelbarrow |
| 17:03 | Research | Town Watch |
| 17:17 | Research | Horse Collar |
| 17:30 | Research | Double-Bit Axe |
| 18:30 | Build | Lumber Camp |
| 18:52 | Build | Mining Camp |
| 19:06 | Create | Villager (Male) |
| 19:07 | Create | Villager (Male) |
| 19:07 | Create | Villager (Male) |
| 19:08 | Create | Villager (Male) |
| 19:08 | Create | Villager (Male) |
| 19:08 | Create | Villager (Male) |
| 19:09 | Create | Villager (Male) |
| 19:09 | Create | Villager (Male) |
| 19:31 | Create | Villager (Male) |
| 19:31 | Create | Villager (Male) |
| 20:01 | Age | Castle Age |
| 20:05 | Research | Stone Mining |
| 20:12 | Build | Town Center |
| 21:05 | Build | Farm |
| 21:07 | Build | Farm |
| 21:09 | Build | Farm |
| 21:10 | Build | Farm |
| 21:12 | Build | Farm |
| 21:22 | Research | Bow Saw |
| 21:25 | Create | Villager (Male) |
| 21:26 | Create | Villager (Male) |
| 21:26 | Create | Villager (Male) |
| 21:26 | Create | Villager (Male) |
| 21:34 | Create | Villager (Male) |
| 21:39 | Build | Farm |
| 22:12 | Build | Town Center |
| 22:18 | Create | Villager (Male) |
| 22:19 | Create | Villager (Male) |
| 22:19 | Create | Villager (Male) |
| 22:24 | Build | Farm |
| 22:25 | Build | Farm |
| 22:31 | Create | Villager (Male) |
| 22:31 | Create | Villager (Male) |
| 22:42 | Build | Farm |
| 22:48 | Create | Villager (Male) |
| 22:56 | Create | Villager (Male) |
| 23:08 | Build | Farm |
| 23:10 | Build | Farm |
| 23:12 | Build | Farm |
| 23:25 | Build | Farm |
| 23:27 | Build | Farm |
| 23:28 | Build | Farm |
| 23:40 | Create | Villager (Male) |
| 23:40 | Create | Villager (Male) |
| 23:41 | Create | Villager (Male) |
| 23:41 | Create | Villager (Male) |
| 23:41 | Create | Villager (Male) |
| 24:04 | Create | Villager (Male) |
| 24:05 | Create | Villager (Male) |
| 24:05 | Create | Villager (Male) |
| 24:13 | Build | House |
| 24:14 | Build | House |
| 24:15 | Build | House |
| 24:17 | Build | House |
| 24:19 | Build | House |
| 24:20 | Build | House |
| 24:26 | Build | House |
| 24:28 | Build | House |
| 24:29 | Build | House |
| 24:32 | Build | House |
| 24:33 | Build | House |
| 24:34 | Build | House |
| 24:39 | Create | Villager (Male) |
| 24:39 | Create | Villager (Male) |
| 24:39 | Create | Villager (Male) |
| 24:40 | Create | Villager (Male) |
| 24:40 | Create | Villager (Male) |
| 24:40 | Create | Villager (Male) |
| 24:48 | Build | Farm |
| 24:50 | Build | Farm |
| 24:58 | Build | Mill |
| 25:07 | Build | Farm |
| 25:10 | Create | Villager (Male) |
| 25:11 | Create | Villager (Male) |
Build order — DeVinci_Qc
First 150 of 346 actions detected
| 0:03 | Create | Villager (Male) |
| 0:03 | Create | Villager (Male) |
| 0:04 | Research | Loom |
| 0:09 | Build | House |
| 0:11 | Build | House |
| 0:45 | Build | House |
| 0:48 | Build | House |
| 0:54 | Create | Villager (Male) |
| 1:36 | Create | Villager (Male) |
| 2:24 | Create | Villager (Male) |
| 2:25 | Create | Villager (Male) |
| 3:13 | Create | Villager (Male) |
| 3:32 | Create | Villager (Male) |
| 4:01 | Create | Villager (Male) |
| 4:13 | Create | Villager (Male) |
| 4:38 | Build | Palisade Wall |
| 5:01 | Build | Lumber Camp |
| 5:09 | Create | Villager (Male) |
| 5:09 | Create | Villager (Male) |
| 5:09 | Create | Villager (Male) |
| 5:10 | Create | Villager (Male) |
| 5:58 | Create | Villager (Male) |
| 5:59 | Create | Villager (Male) |
| 6:39 | Create | Villager (Male) |
| 6:39 | Create | Villager (Male) |
| 7:24 | Build | Mill |
| 8:53 | Research | Feudal Age |
| 9:08 | Build | Mill |
| 10:10 | Create | Villager (Male) |
| 11:03 | Age | Feudal Age |
| 11:16 | Research | Double-Bit Axe |
| 11:46 | Build | House |
| 11:47 | Build | House |
| 11:48 | Build | House |
| 11:49 | Build | House |
| 11:52 | Create | Villager (Male) |
| 11:52 | Create | Villager (Male) |
| 11:53 | Create | Villager (Male) |
| 12:37 | Build | Stone Wall |
| 12:42 | Build | Farm |
| 12:45 | Build | Farm |
| 12:49 | Create | Villager (Male) |
| 12:49 | Create | Villager (Male) |
| 13:00 | Research | Horse Collar |
| 13:13 | Build | Mining Camp |
| 13:35 | Build | Farm |
| 13:38 | Create | Villager (Male) |
| 14:32 | Build | Market |
| 14:49 | Create | Villager (Male) |
| 14:49 | Create | Villager (Male) |
| 14:58 | Create | Villager (Male) |
| 15:42 | Build | Farm |
| 15:47 | Build | Mining Camp |
| 15:50 | Create | Villager (Male) |
| 15:51 | Create | Villager (Male) |
| 16:14 | Build | Farm |
| 16:16 | Create | Villager (Male) |
| 16:16 | Create | Villager (Male) |
| 16:37 | Build | Mill |
| 16:47 | Build | Blacksmith |
| 16:50 | Create | Villager (Male) |
| 17:01 | Build | Farm |
| 17:31 | Research | Wheelbarrow |
| 18:04 | Create | Trade Cart |
| 18:16 | Build | Farm |
| 18:30 | Build | House |
| 18:31 | Build | House |
| 18:33 | Build | House |
| 18:34 | Build | House |
| 19:41 | Research | Castle Age |
| 20:49 | Build | House |
| 20:50 | Build | House |
| 21:25 | Create | Trade Cart |
| 22:01 | Create | Villager (Male) |
| 22:01 | Create | Villager (Male) |
| 22:21 | Age | Castle Age |
| 22:26 | Build | Town Center |
| 22:32 | Research | Bow Saw |
| 22:37 | Build | Town Center |
| 22:44 | Research | Heavy Plow |
| 22:52 | Create | Villager (Male) |
| 23:03 | Build | Lumber Camp |
| 23:26 | Create | Villager (Male) |
| 23:40 | Create | Villager (Male) |
| 23:51 | Create | Trade Cart |
| 24:18 | Create | Villager (Male) |
| 24:18 | Create | Villager (Male) |
| 24:35 | Build | University |
| 24:50 | Build | Monastery |
| 24:53 | Create | Villager (Male) |
| 24:53 | Create | Villager (Male) |
| 24:55 | Create | Villager (Male) |
| 24:56 | Create | Villager (Male) |
| 25:02 | Build | Farm |
| 25:04 | Create | Villager (Male) |
| 25:21 | Build | Farm |
| 25:25 | Build | Farm |
| 25:28 | Create | Villager (Male) |
| 25:30 | Research | Hand Cart |
| 25:39 | Create | Villager (Male) |
| 25:39 | Create | Villager (Male) |
| 25:45 | Build | Farm |
| 25:49 | Create | Monk |
| 25:53 | Build | Farm |
| 26:04 | Build | Farm |
| 26:09 | Create | Villager (Male) |
| 26:09 | Create | Villager (Male) |
| 26:12 | Build | Farm |
| 26:23 | Research | Masonry |
| 26:25 | Create | Villager (Male) |
| 26:30 | Create | Villager (Male) |
| 26:30 | Create | Villager (Male) |
| 26:36 | Create | Villager (Male) |
| 26:37 | Create | Villager (Male) |
| 26:45 | Create | Trade Cart |
| 26:47 | Build | Farm |
| 27:15 | Build | Barracks |
| 27:20 | Build | Farm |
| 27:24 | Build | Farm |
| 27:31 | Build | Farm |
| 27:34 | Build | Farm |
| 27:37 | Create | Villager (Male) |
| 27:37 | Create | Villager (Male) |
| 27:41 | Create | Villager (Male) |
| 27:41 | Create | Villager (Male) |
| 27:54 | Create | Villager (Male) |
| 27:54 | Create | Villager (Male) |
| 28:08 | Build | Farm |
| 28:11 | Create | Villager (Male) |
| 28:11 | Create | Villager (Male) |
| 28:23 | Build | Siege Workshop |
| 28:26 | Build | Farm |
| 28:29 | Build | Farm |
| 28:36 | Build | Farm |
| 28:42 | Create | Villager (Male) |
| 28:42 | Create | Villager (Male) |
| 28:57 | Build | Farm |
| 29:04 | Build | House |
| 29:05 | Build | House |
| 29:06 | Build | House |
| 29:07 | Build | House |
| 29:14 | Build | Castle |
| 29:18 | Build | Farm |
| 29:21 | Build | Farm |
| 29:25 | Build | Farm |
| 29:38 | Build | Farm |
| 29:42 | Create | Villager (Male) |
| 29:43 | Create | Villager (Male) |
| 30:22 | Research | Imperial Age |
| 30:35 | Research | Town Watch |
Build order — SuboptimallyRefrigeratedBeefMilk
First 150 of 336 actions detected
| 0:15 | Build | House |
| 0:16 | Build | House |
| 0:45 | Build | Mill |
| 1:07 | Create | Villager (Male) |
| 1:07 | Create | Villager (Male) |
| 1:08 | Create | Villager (Male) |
| 1:12 | Build | House |
| 1:13 | Build | House |
| 1:15 | Create | Villager (Male) |
| 1:16 | Create | Villager (Male) |
| 2:23 | Create | Villager (Male) |
| 3:15 | Create | Villager (Male) |
| 3:15 | Create | Villager (Male) |
| 3:57 | Create | Villager (Male) |
| 4:08 | Create | Villager (Male) |
| 4:51 | Create | Villager (Male) |
| 5:08 | Create | Villager (Male) |
| 5:25 | Create | Villager (Male) |
| 6:06 | Create | Villager (Male) |
| 6:21 | Create | Villager (Male) |
| 6:45 | Create | Villager (Male) |
| 6:45 | Create | Villager (Male) |
| 7:12 | Create | Villager (Male) |
| 7:27 | Create | Villager (Male) |
| 7:35 | Build | Lumber Camp |
| 7:53 | Create | Villager (Male) |
| 7:54 | Create | Villager (Male) |
| 8:39 | Build | Mill |
| 8:44 | Create | Villager (Male) |
| 8:48 | Build | House |
| 8:50 | Build | House |
| 8:53 | Build | House |
| 8:54 | Build | House |
| 9:37 | Create | Villager (Male) |
| 9:51 | Create | Villager (Male) |
| 10:16 | Research | Feudal Age |
| 11:42 | Create | Villager (Male) |
| 11:42 | Create | Villager (Male) |
| 11:43 | Create | Villager (Male) |
| 11:43 | Create | Villager (Male) |
| 12:37 | Age | Feudal Age |
| 12:39 | Build | Mill |
| 12:53 | Build | Market |
| 13:00 | Research | Double-Bit Axe |
| 13:04 | Research | Horse Collar |
| 13:11 | Build | Mining Camp |
| 13:29 | Build | Blacksmith |
| 14:17 | Create | Villager (Male) |
| 14:19 | Create | Villager (Male) |
| 14:44 | Build | Lumber Camp |
| 14:50 | Create | Villager (Male) |
| 15:38 | Research | Castle Age |
| 15:46 | Build | Farm |
| 15:48 | Build | Farm |
| 15:52 | Build | Farm |
| 15:56 | Build | Farm |
| 15:59 | Build | Farm |
| 16:04 | Build | Farm |
| 16:24 | Build | Farm |
| 17:23 | Research | Stone Mining |
| 17:25 | Research | Gold Mining |
| 17:59 | Create | Villager (Male) |
| 18:00 | Create | Villager (Male) |
| 18:18 | Age | Castle Age |
| 18:26 | Create | Villager (Male) |
| 18:50 | Build | Town Center |
| 18:52 | Create | Villager (Male) |
| 18:54 | Create | Villager (Male) |
| 19:10 | Create | Trade Cart |
| 19:12 | Create | Trade Cart |
| 19:24 | Research | Bow Saw |
| 19:58 | Create | Villager (Male) |
| 20:05 | Research | Heavy Plow |
| 20:16 | Create | Trade Cart |
| 20:29 | Create | Villager (Male) |
| 20:49 | Build | Town Center |
| 20:56 | Create | Villager (Male) |
| 20:56 | Create | Villager (Male) |
| 20:57 | Create | Villager (Male) |
| 21:01 | Create | Trade Cart |
| 21:21 | Create | Villager (Male) |
| 21:25 | Create | Villager (Male) |
| 21:43 | Build | Farm |
| 21:51 | Create | Villager (Male) |
| 21:54 | Build | Farm |
| 22:10 | Build | Farm |
| 22:14 | Build | Farm |
| 22:19 | Build | Farm |
| 22:22 | Build | Farm |
| 22:25 | Build | Farm |
| 22:30 | Build | Farm |
| 22:33 | Build | Farm |
| 22:38 | Build | Farm |
| 22:42 | Create | Villager (Male) |
| 22:43 | Create | Villager (Male) |
| 22:43 | Create | Villager (Male) |
| 22:49 | Create | Trade Cart |
| 23:19 | Build | House |
| 23:20 | Build | House |
| 23:21 | Build | House |
| 23:22 | Build | House |
| 23:24 | Build | House |
| 23:25 | Build | House |
| 23:32 | Research | Stone Shaft Mining |
| 23:51 | Research | Caravan |
| 24:14 | Create | Villager (Male) |
| 24:15 | Create | Villager (Male) |
| 24:19 | Create | Villager (Male) |
| 24:26 | Create | Villager (Male) |
| 24:32 | Create | Villager (Male) |
| 24:45 | Create | Villager (Male) |
| 24:53 | Create | Villager (Male) |
| 24:55 | Create | Villager (Male) |
| 25:04 | Create | Trade Cart |
| 25:04 | Create | Trade Cart |
| 25:08 | Create | Villager (Male) |
| 25:20 | Create | Villager (Male) |
| 25:25 | Create | Villager (Male) |
| 25:28 | Create | Villager (Male) |
| 25:42 | Create | Villager (Male) |
| 25:50 | Create | Villager (Male) |
| 25:58 | Create | Villager (Male) |
| 26:12 | Build | Market |
| 26:14 | Build | Market |
| 26:16 | Build | Market |
| 26:17 | Build | Market |
| 26:20 | Build | Market |
| 26:29 | Create | Villager (Male) |
| 26:29 | Create | Villager (Male) |
| 26:30 | Create | Villager (Male) |
| 26:30 | Create | Villager (Male) |
| 26:30 | Create | Villager (Male) |
| 26:43 | Build | Farm |
| 26:50 | Create | Villager (Male) |
| 26:51 | Create | Villager (Male) |
| 26:51 | Create | Villager (Male) |
| 26:57 | Build | House |
| 26:58 | Build | House |
| 26:59 | Build | House |
| 27:31 | Create | Villager (Male) |
| 27:32 | Create | Villager (Male) |
| 27:40 | Build | Farm |
| 27:44 | Create | Villager (Male) |
| 27:44 | Create | Villager (Male) |
| 27:44 | Create | Villager (Male) |
| 27:47 | Create | Villager (Male) |
| 28:00 | Create | Villager (Male) |
| 28:00 | Create | Villager (Male) |
| 28:14 | Build | Farm |
| 28:17 | Build | Farm |
Match timeline
| 0:33 | dpiddock77 · wall_segment Palisade Wall x12 |
| 0:40 | BabyShark · wall_segment Palisade Wall x10 |
| 0:51 | dpiddock77 · wall_segment Palisade Wall x11 |
| 1:17 | ColonelPacha · wall_segment Palisade Wall x7 |
| 1:36 | BabyShark · wall_segment Palisade Wall x9 |
| 1:50 | dpiddock77 · wall_segment Palisade Wall x10 |
| 2:21 | BabyShark · wall_segment Palisade Wall x11 |
| 3:24 | dpiddock77 · wall_segment Palisade Wall x9 |
| 4:12 | vigilantevo0do0 · wall_segment Palisade Wall x34 |
| 4:38 | DeVinci_Qc · wall_segment Palisade Wall x13 |
| 5:12 | BabyShark · wall_segment Palisade Wall x12 |
| 6:42 | vigilantevo0do0 · wall_segment Palisade Wall x10 |
| 7:55 | vigilantevo0do0 · wall_segment Palisade Wall x12 |
| 11:03 | DeVinci_Qc · age_up feudal |
| 11:55 | Veni Vidi Avicii 2 · age_up feudal |
| 12:03 | dpiddock77 · first_building Dock |
| 12:05 | Asturon · age_up feudal |
| 12:37 | DeVinci_Qc · wall_segment Stone Wall x13 |
| 12:37 | SuboptimallyRefrigeratedBeefMilk · age_up feudal |
| 12:42 | vigilantevo0do0 · first_building Dock |
| 13:44 | BabyShark · age_up feudal |
| 13:58 | BabyShark · wall_segment Stone Wall x14 |
| 14:04 | ColonelPacha · first_building Dock |
| 14:10 | BabyShark · wall_segment Stone Wall x12 |
| 14:17 | ColonelPacha · wall_segment Stone Wall x8 |
| 14:27 | dpiddock77 · age_up feudal |
| 14:34 | BabyShark · first_building Dock |
| 14:38 | dpiddock77 · wall_segment Stone Wall x9 |
| 14:53 | dpiddock77 · wall_segment Stone Wall x12 |
| 14:59 | vigilantevo0do0 · wall_segment Stone Wall x17 |
| 15:13 | vigilantevo0do0 · wall_segment Stone Wall x18 |
| 16:18 | dpiddock77 · wall_segment Stone Wall x10 |
| 16:32 | ColonelPacha · wall_segment Stone Wall x5 |
| 17:04 | dpiddock77 · wall_segment Stone Wall x15 |
| 17:22 | ColonelPacha · first_building Barracks |
| 17:50 | vigilantevo0do0 · wall_segment Stone Wall x8 |
| 18:18 | SuboptimallyRefrigeratedBeefMilk · age_up castle |
| 19:06 | vigilantevo0do0 · wall_segment Stone Wall x5 |
| 19:26 | vigilantevo0do0 · wall_segment Stone Wall x3 |
| 19:37 | Asturon · age_up castle |
| 20:01 | Veni Vidi Avicii 2 · age_up castle |
| 20:11 | vigilantevo0do0 · first_building Barracks |
| 20:51 | dpiddock77 · age_up castle |
| 21:30 | dpiddock77 · first_building Monastery |
| 21:42 | Asturon · first_building Monastery |
| 21:44 | ColonelPacha · first_building Archery Range |
| 21:50 | vigilantevo0do0 · first_market_sell 100 wood |
| 21:58 | Veni Vidi Avicii 2 · tribute_sent a jugador 1 |
| 21:58 | Veni Vidi Avicii 2 · tribute_sent a jugador 2 |
| 21:58 | Veni Vidi Avicii 2 · tribute_sent a jugador 3 |
| 21:58 | Veni Vidi Avicii 2 · tribute_sent a jugador 4 |
| 21:58 | Veni Vidi Avicii 2 · tribute_sent a jugador 5 |
| 21:58 | Veni Vidi Avicii 2 · tribute_sent a jugador 7 |
| 21:58 | Veni Vidi Avicii 2 · tribute_sent a jugador 8 |
| 22:21 | DeVinci_Qc · age_up castle |
| 22:53 | ColonelPacha · first_building Stable |
| 24:09 | vigilantevo0do0 · first_building Stable |
| 24:36 | BabyShark · age_up castle |
| 24:46 | BabyShark · first_building Castle |
| 24:50 | DeVinci_Qc · first_building Monastery |
| 25:18 | Asturon · first_building Siege Workshop |
| 25:56 | dpiddock77 · first_building Castle |
| 26:58 | Asturon · first_building Castle |
| 27:15 | DeVinci_Qc · first_building Barracks |
| 27:16 | ColonelPacha · first_building Monastery |
| 27:20 | Veni Vidi Avicii 2 · first_building Barracks |
| 27:25 | BabyShark · first_building Barracks |
| 27:45 | vigilantevo0do0 · first_building Archery Range |
| 28:11 | BabyShark · first_building Archery Range |
| 28:23 | DeVinci_Qc · first_building Siege Workshop |
| 28:24 | vigilantevo0do0 · first_building Monastery |
| 28:47 | vigilantevo0do0 · first_building Castle |
| 29:14 | DeVinci_Qc · first_building Castle |
| 29:19 | SuboptimallyRefrigeratedBeefMilk · first_building Castle |
| 29:53 | SuboptimallyRefrigeratedBeefMilk · first_building Monastery |
| 30:24 | SuboptimallyRefrigeratedBeefMilk · first_market_buy 100 food |
| 30:41 | BabyShark · age_up imperial |
| 30:45 | Asturon · age_up imperial |
| 31:05 | vigilantevo0do0 · wall_segment Stone Wall x7 |
| 31:43 | BabyShark · first_building Monastery |
| 33:32 | SuboptimallyRefrigeratedBeefMilk · first_building Barracks |
| 33:32 | DeVinci_Qc · age_up imperial |
| 33:45 | SuboptimallyRefrigeratedBeefMilk · age_up imperial |
| 33:47 | BabyShark · wall_segment Stone Wall x15 |
| 34:02 | Veni Vidi Avicii 2 · first_building Castle |
| 34:13 | Veni Vidi Avicii 2 · first_building Monastery |
| 34:21 | DeVinci_Qc · first_building Stable |
| 34:23 | SuboptimallyRefrigeratedBeefMilk · first_building Stable |
| 35:05 | ColonelPacha · first_building Castle |
| 35:51 | Veni Vidi Avicii 2 · tribute_sent a jugador 1 |
| 35:51 | Veni Vidi Avicii 2 · tribute_sent a jugador 2 |
| 35:51 | Veni Vidi Avicii 2 · tribute_sent a jugador 3 |
| 35:51 | Veni Vidi Avicii 2 · tribute_sent a jugador 4 |
| 35:51 | Veni Vidi Avicii 2 · tribute_sent a jugador 5 |
| 35:51 | Veni Vidi Avicii 2 · tribute_sent a jugador 7 |
| 35:51 | Veni Vidi Avicii 2 · tribute_sent a jugador 8 |
| 36:12 | Asturon · first_building Barracks |
| 36:13 | Veni Vidi Avicii 2 · first_building Stable |
| 36:14 | SuboptimallyRefrigeratedBeefMilk · wall_segment Stone Wall x22 |
| 36:16 | dpiddock77 · first_building Barracks |
| 37:24 | dpiddock77 · first_building Siege Workshop |
| 37:26 | SuboptimallyRefrigeratedBeefMilk · first_building Siege Workshop |
| 37:39 | ColonelPacha · first_building Siege Workshop |
| 38:11 | Asturon · resign |
| 38:29 | DeVinci_Qc · wall_segment Stone Wall x13 |
| 38:31 | Veni Vidi Avicii 2 · age_up imperial |
| 38:35 | vigilantevo0do0 · first_market_buy 100 stone |
| 38:48 | dpiddock77 · wall_segment Stone Wall x14 |
| 39:11 | dpiddock77 · age_up imperial |
| 39:37 | Veni Vidi Avicii 2 · first_building Siege Workshop |
| 40:41 | vigilantevo0do0 · wall_segment Stone Wall x4 |
| 41:40 | BabyShark · first_market_sell 500 food |
| 42:36 | DeVinci_Qc · wall_segment Stone Wall x27 |
| 44:29 | ColonelPacha · first_market_buy 100 food |
| 44:49 | ColonelPacha · first_market_sell 100 wood |
| 46:08 | DeVinci_Qc · wall_segment Stone Wall x15 |
| 47:25 | dpiddock77 · first_building Stable |
| 50:11 | dpiddock77 · wall_segment Stone Wall x12 |
[ AI ANALYSIS · 1 CREDIT ]
What really happened in this match?
Wolo.gg analyzes every decision: build order, eco, micro, common mistakes by bracket. Personalized analysis on WhatsApp or Discord in 30 seconds.
Civ guide
Khmer
Map guide
Black Forest
Perfil
Jugador #765656